 Dungeon Crawl Stone Soup version 0.31.0-9-g3a7656b989 (webtiles) character file.

Game seed: 11352238282179928412

86 qw the Shooter (level 4, -2/22 HPs)
             Began as a Spriggan Hunter on Feb 2, 2024.
             Slain by an orc
             ... wielding a +0 short sword
              (4 damage)
             ... on level 3 of the Dungeon.
             The game lasted 00:00:06 (1639 turns).

qw the Shooter (Spriggan Hunter)                    Turns: 1639, Time: 00:00:06

Health: -2/22      AC:  6    Str:  7    XL:     4   Next: 27%
Magic:  5/5        EV: 20    Int: 10    God:
Gold:   53         SH:  0    Dex: 20    Spells: 3/3 levels left

rFire   . . .        a - +0 shortbow
rCold   . . .        (shield currently unavailable)
rNeg    . . .        c - +0 robe
rPois   .            (helmet restricted)
rElec   .            (no cloak)
rCorr   .            (gloves unavailable)
SInv    +            (boots unavailable)
Will    .....        (no amulet)
Stlth   ++           h - +4 ring of protection
HPRegen 0.23/turn    (no ring)
MPRegen 0.09/turn

%: no passive effects
@: about to teleport, hasted, very quick
A: very small, no large weapons, unfitting armour, see invisible, speed 3
a: no special abilities


You were on level 3 of the Dungeon.
You visited 1 branch of the dungeon, and saw 3 of its levels.

You collected 101 gold pieces.
You spent 48 gold pieces at shops.


Innate Abilities, Weirdness & Mutations

You are very small and have problems with some larger weapons.
You are too small for most types of armour.
You have supernaturally acute eyesight. (SInv)
You cover ground extremely quickly. (Speed+++)


   Skills:
 - Level 1.5 Fighting
 - Level 5.0 Ranged Weapons
 + Level 4.7 Dodging
 - Level 1.5 Stealth


You had 3 spell levels left.
You didn't know any spells.
Your spell library was empty.

Inventory:

Hand Weapons
 a - a +0 shortbow (weapon)
Armour
 c - a +0 robe (worn)
Jewellery
 h - a +4 ring of protection (left hand)
Wands
 o - a wand of flame (17)
Potions
 i - a potion of degeneration {unknown}
 j - a potion of might
 k - a potion of curing
 n - a potion of enlightenment {unknown}

Dungeon Overview and Level Annotations

Branches:
Dungeon (3/15)

Altars:

Shops:
D:1 *


Message History

The orc warrior is moderately wounded.
A gnoll comes into view. It is wielding a +0 flail.
The orc warrior shoots an arrow.
The arrow barely misses you.
You shoot an arrow.
The arrow barely misses the orc warrior.
The arrow barely misses the gnoll.
The orc warrior shoots an arrow.
The arrow barely misses you.
You shoot an arrow. The arrow hits the orc warrior.
The orc warrior is heavily wounded.
You shoot an arrow.
The arrow hits the orc warrior but does no damage.
The orc warrior is heavily wounded.
You shoot an arrow.
The arrow closely misses the orc warrior.
The arrow hits the orc but does no damage.
A gnoll comes into view. It is wielding a +0 club.
The orc warrior shoots an arrow.
The arrow completely misses you.
You shoot an arrow.
The arrow barely misses the orc warrior.
The arrow hits the orc but does no damage.
The orc warrior shoots an arrow.
The arrow closely misses you.
You shoot an arrow.
The arrow hits the orc warrior but does no damage.
The orc warrior is heavily wounded.
You shoot an arrow. The arrow hits the orc.
The orc is lightly wounded.
The orc warrior shoots an arrow.
The arrow hits you! The orc misses you.
1637 ||| READING scroll of teleportation.
As you read the scroll of teleportation, it crumbles to dust.
You feel strangely unstable.
The orc warrior shoots an arrow.
The arrow barely misses you.
You shoot an arrow. The arrow barely misses the orc.
The arrow hits the gnoll.
The gnoll is heavily wounded.
The orc misses you.
The orc warrior shoots an arrow.
The arrow barely misses you.
You shoot an arrow.
The arrow hits the orc but does no damage.
The orc is lightly wounded.
The orc hits you with a +0 short sword.
You die... . #.. ##.).. #ggg#

###oo# ##.@)#
#########..###
#.....>..>##
..######..###
####....#
###....##...%#
#...#### #....
.. #.### ..##
. #. #.# ##


You could see an orc warrior, 3 gnolls and an orc.

Vanquished Creatures
  An orc wizard (D:3)
  2 ribbon worms (D:2)
  5 orcs (D:3)
  4 ball pythons
  A bat (D:2)
  10 endoplasms
  A giant cockroach (D:1)
  2 hobgoblins (D:1)
  2 jackals (D:2)
  3 frilled lizards
  9 goblins
  4 kobolds
  5 rats
49 creatures vanquished.

Notes
Turn   | Place    | Note
-------+----------+-------------------------------------------
     0 | D:1      | qw the Spriggan Hunter began the quest for the Orb.
     0 | D:1      | Reached XP level 1. HP: 10/10 MP: 2/2
     0 | D:1      | 0 ||| qw: Version: 0.3-a-155-g5e7d8dd
     0 | D:1      | 0 ||| qw: Game counter: 578
     0 | D:1      | 0 ||| qw: Melee chars always use a shield: true
     0 | D:1      | 0 ||| qw: God list: Okawaru
     0 | D:1      | 0 ||| qw: Allow faded altars: false
     0 | D:1      | 0 ||| qw: Do Orc after clearing Dungeon:15 true
     0 | D:1      | 0 ||| qw: Do second Lair branch before Depths: true
     0 | D:1      | 0 ||| qw: Lair rune preference: random
     0 | D:1      | 0 ||| qw: Goals: Normal
     0 | D:1      | 0 ||| PLANNING D:1-11
    26 | D:1      | Reached skill level 3 in Dodging
   114 | D:1      | Reached XP level 2. HP: 14/14 MP: 3/3
   516 | D:1      | Found Cuduecor's General Store.
   524 | D:1      | 524 ||| BUYING potion of might (48 gold).
   524 | D:1      | Bought a potion of might for 48 gold pieces
   524 | D:1      | 524 ||| SHOPLISTING potion of might (48 gold, have 12).
   524 | D:1      | 524 ||| SHOPLISTING ring of positive energy (240 gold, have
                  | 12).
   524 | D:1      | 524 ||| SHOPLISTING scroll of teleportation (36 gold, have
                  | 12).
   660 | D:1      | Found a faded altar of an unknown god.
   838 | D:1      | 838 ||| UPGRADING to +4 ring of protection.
   839 | D:1      | 839 ||| READING 2 scrolls labelled LATOEDORODINT.
   843 | D:1      | 843 ||| DROPPING scroll of butterflies.
   908 | D:2      | Identified the +4 dagger "Death Rattle" {flame, Str+2
                  | Int+4}
   916 | D:2      | Reached XP level 3. HP: 18/18 MP: 4/4
  1508 | D:2      | 1508 ||| DROPPING +6 ring of intelligence.
  1509 | D:2      | 1509 ||| READING 3 scrolls labelled ESKEJ ZIEK.
  1509 | D:2      | 1509 ||| IDENTIFYING fizzy golden potion
  1510 | D:2      | 1510 ||| READING 2 scrolls of identify.
  1510 | D:2      | 1510 ||| IDENTIFYING fuming yellow potion
  1511 | D:2      | 1511 ||| READING scroll of identify.
  1511 | D:2      | 1511 ||| IDENTIFYING sedimented sapphire potion
  1512 | D:2      | 1512 ||| READING scroll labelled VAEL CIAMOPAL.
  1512 | D:2      | 1512 ||| ENCHANTING +0 shortbow.
  1513 | D:2      | 1513 ||| DRINKING 2 fuming grey potions.
  1514 | D:2      | 1514 ||| DRINKING 2 bubbling sapphire potions.
  1515 | D:2      | 1515 ||| DROPPING potion of attraction.
  1516 | D:2      | 1516 ||| DROPPING potion of lignification.
  1517 | D:2      | 1517 ||| DROPPING potion of ambrosia.
  1584 | D:3      | Reached skill level 5 in Ranged Weapons
  1617 | D:3      | Noticed an orc warrior
  1618 | D:3      | 1618 ||| DRINKING potion of haste.
  1627 | D:3      | Reached XP level 4. HP: 8/22 MP: 5/5
  1636 | D:3      | HP: 2/22 [orc warrior/arrow (8)]
  1637 | D:3      | 1637 ||| READING scroll of teleportation.
  1639 | D:3      | Slain by an orc

Levels and vault maps discovered:
D:1:      onia_arrival_handbag, layout_loops_corners,
          hellmonk_ecumenical_altar_leap_of_faith, serial_shops, shop,
          minmay_box_of_dots
D:2:      layout_basic, minmay_ruptured
D:3:      layout_rooms, minmay_misc_feat_four_crosses,
          minmay_misc_feat_ornament, kennysheep_cluttered_room

Skill      XL: |  1  2  3 |
---------------+----------+-----
Dodging        | 3 4 |  4.7
Ranged Weapons | 5 |  5.0
Fighting       | |  1.5
Stealth        | |  1.5

Action                     |  1- 3 |  4- 6 || total
---------------------------+-------+-------++-------
   Fire: Shortbow          |   160 |    12 ||   172
    Use: Scroll            |     5 |     1 ||     6
         Potion            |     3 |       ||     3
 Armour: Robe              |    16 |     2 ||    18
  Dodge: Dodged            |    54 |     9 ||    63

Table legend:
 A = Non-vault XP
 B = Vault XP
 C = Vault XP percentage of total XP
 D = Non-vault monster count
 E = Vault monster count
 F = Vault count percentage of total count
                 A         B        C        D         E       F
            +---------+---------+-------+---------+---------+-------
      Total |     106 |      18 |  14.5 |      39 |      10 |  20.4
            +---------+---------+-------+---------+---------+-------
        D:1 |      22 |      11 |  33.3 |      14 |       7 |  33.3
        D:2 |      27 |       7 |  20.6 |      15 |       3 |  16.7
        D:3 |      57 |       0 |   0.0 |      10 |       0 |   0.0
            +---------+---------+-------+---------+---------+-------
